 Dungeon Sprint DCSS version 0.17-a0-1804-gf6433eb (webtiles) character file.

2233 Kidiri the Covert (level 9, 0/39 HPs)
             Began as a Spriggan Enchanter on Sept 11, 2015.
             Was a Priest of Dithmenos.
             Succumbed to a redback's poison
             ... in the Dungeon (Sprint III: "The Ten Rune Challenge").
             The game lasted 00:18:31 (1159 turns).

Kidiri the Covert (Spriggan Enchanter)              Turns: 1159, Time: 00:18:31

Health: 0/39       AC:  4    Str:  4    XL:     9   Next: 14%
Magic:  18/24      EV: 29    Int: 18    God:    Dithmenos [***...]
Gold:   25         SH:  0    Dex: 18    Spells: 9 memorised, 8 levels left

rFire  . . .     SeeInvis +     a - +1 dagger
rCold  . . .     Clarity  .     e - +1 robe {MR+}
rNeg   . . .     SustAt   .     (shield restricted)
rPois  .         Gourm    .     (helmet restricted)
rElec  .         Spirit   .     (no cloak)
rCorr  .         Warding  .     (gloves unavailable)
rMut   .         NoTele   +     (boots unavailable)
MR     ++...                    (no amulet)
Stlth  +++++++++.               (no ring)
                                (no ring)

@: lethally poisoned (0 -> -1), exhausted, slowed, wreathed by umbra, quick,
very resistant to hostile enchantments, incredibly stealthy
A: unfitting armour, see invisible, herbivore 3, speed 3, shaggy fur 1, slow
metabolism 2
a: Shadow Step, Renounce Religion


You were in the Dungeon.
You worshipped Dithmenos.
Dithmenos was most pleased with you.
You were not hungry.

You visited 1 branch You collected 25 gold pieces.

Inventory:

Hand weapons
 a - a +1 dagger (weapon)
Armour
 e - a +1 robe of magic resistance (worn)
Magical devices
 i - a wand of frost (24)
Scrolls
 j - a scroll of blinking
 k - 2 scrolls of remove curse
 l - a scroll of torment
 q - a scroll of holy word
Potions
 c - a potion of might
 g - a potion of haste
 h - a potion of magic
 o - 3 potions of cure mutation
 p - 3 potions of flight
Comestibles
 d - a bread ration
 n - 3 fruits
 r - 2 royal jellies


   Skills:
 + Level 6.9 Short Blades
 * Level 12.7 Dodging
 * Level 13.8 Stealth
 * Level 10.9 Spellcasting
 + Level 3.9 Conjurations
 + Level 8.4 Hexes
 + Level 5.8 Charms
 + Level 5.7 Translocations
 + Level 4.9 Ice Magic
 - Level 4.2 Invocations


You had 8 spell levels left.
You knew the following spells:

 Your Spells              Type           Power        Failure   Level  Hunger
a - Corona                Hex            #####..      1%          1    None
b - Ensorcelled Hibernat  Hex/Ice        ####..       1%          2    None
c - Confuse               Hex            #####...     1%          3    None
d - Tukima's Dance        Hex            #####...     1%          3    None
e - Dazzling Spray        Conj/Hex       ####....     1%          3    None
f - Apportation           Tloc           ####......   1%          1    None
g - Blink                 Tloc           N/A          1%          2    None
h - Shroud of Golubria    Chrm/Tloc      ####......   1%          2    None
i - Passage of Golubria   Tloc           N/A          10%         4    ##.....


Dungeon Overview and Level Annotations

Branches:
Dungeon (1/1)

Altars:
Cheibriados
Dithmenos
Elyvilon
Fedhas
Gozag
Kikubaaqudgha
Makhleb
Nemelex Xobeh
Okawaru
Qazlal
Ru
Sif Muna
Trog
Vehumet
Xom
Yredelemnul
Zin
The Shining One
Jiyva
Lugonu


Innate Abilities, Weirdness & Mutations

You are tiny and cannot use many weapons and most armour.
You have supernaturally acute eyesight.
You are a herbivore.
You cover ground extremely quickly.
You need consume almost no food.
You are covered in fur (AC +1).


Message History

You feel yourself moving faster!
You feel mighty!
You feel sick.
You feel a strong urge to attack something.
You feel sick.
You feel your anger subside.
You are no longer berserk.
You are exhausted.
You feel yourself slow down.
* * * LOW HITPOINT WARNING * * *
You feel sick.
* * * LOW HITPOINT WARNING * * *
You feel sick.
* * * LOW HITPOINT WARNING * * *
You feel sick.
* * * LOW HITPOINT WARNING * * *
You feel sick.
Unknown command.
Unknown command.
* * * LOW HITPOINT WARNING * * *
You feel sick.
You die...

#+###+## .......# .......#
######'#
#__#...#+##############
#__#...#....#.#.#)....# .
#__#...##.#))#.##.###.# ...
#__#...'##.#.#.##.#..##.....
#_.+...#...#..#.@##..)s.....
▓▓▓▓▓▓▓▓▓▓▓▓▓▓▓▓▓▓▓▓▓#s.....
...... ..... ..... ####


There were no monsters in sight!

Vanquished Creatures
  Erolcha (D)
  A deep elf priest (D)
  A shadow (D)
  A redback (D)
  A hill giant (D)
  A spatial vortex (D)
  A necrophage (D)
  3 two-headed ogres (D)
  A water elemental (D)
  A jelly (D)
  A necromancer (D)
  A wizard (D)
  3 humans (D)
  A kobold demonologist (D)
  2 oozes (D)
  A phantom (D)
  2 rats (D)
23 creatures vanquished.

Vanquished Creatures (others)
  2 draconian scorchers (D)
  2 yaktaurs (D)
  A hill giant (D)
  3 plants (D)
8 creatures vanquished.

Grand Total: 31 creatures vanquished

Notes
Turn   | Place    | Note
--------------------------------------------------------------
     0 | D        | Kidiri the Spriggan Enchanter began the quest for the Orb.
     0 | D        | Reached XP level 1. HP: 9/9 MP: 5/5
    12 | D        | Reached skill level 5 in Stealth
    68 | D        | Killed a yaktaur
    94 | D        | Killed a yaktaur
   118 | D        | Reached XP level 2. HP: 13/13 MP: 5/7
   122 | D        | Learned a level 2 spell: Ensorcelled Hibernation
   190 | D        | Reached skill level 5 in Dodging
   190 | D        | Reached skill level 6 in Stealth
   190 | D        | Reached skill level 1 in Ice Magic
   190 | D        | Reached XP level 3. HP: 12/16 MP: 2/9
   195 | D        | Learned a level 3 spell: Confuse
   199 | D        | Learned a level 3 spell: Tukima's Dance
   201 | D        | Killed a white draconian scorcher
   203 | D        | Killed a white draconian scorcher
   302 | D        | Gained mutation: You are partially covered in molten scales (AC +1). [potion of mutation]
   302 | D        | Gained mutation: You are covered in fur (AC +1). [potion of mutation]
   303 | D        | Gained mutation: Your magical capacity is low (-10% MP). [potion of mutation]
   303 | D        | Gained mutation: You occasionally shout uncontrollably at your foes. [potion of mutation]
   304 | D        | Lost mutation: You are partially covered in molten scales (AC +1). [potion of cure mutation]
   305 | D        | Lost mutation: You occasionally shout uncontrollably at your foes. [potion of cure mutation]
   305 | D        | Lost mutation: Your magical capacity is low (-10% MP). [potion of cure mutation]
   365 | D        | Noticed a water elemental
   379 | D        | Killed a water elemental
   379 | D        | Reached skill level 7 in Stealth
   379 | D        | Reached skill level 5 in Spellcasting
   379 | D        | Reached skill level 5 in Hexes
   379 | D        | Reached XP level 4. HP: 21/21 MP: 9/12
   526 | D        | Learned a level 3 spell: Dazzling Spray
   539 | D        | Noticed a jelly
   540 | D        | Noticed a shadow
   542 | D        | Killed a shadow
   542 | D        | Reached skill level 8 in Dodging
   542 | D        | Reached skill level 9 in Stealth
   542 | D        | Reached skill level 1 in Conjurations
   542 | D        | Reached XP level 5. HP: 24/24 MP: 12/15
   546 | D        | Killed a jelly
   546 | D        | Reached skill level 10 in Stealth
   546 | D        | Reached XP level 6. HP: 28/28 MP: 12/17
   579 | D        | Found a stormy altar of Qazlal.
   580 | D        | Found a sacrificial altar of Ru.
   580 | D        | Found a burning altar of Makhleb.
   580 | D        | Found a viscous altar of Jiyva.
   580 | D        | Found a shimmering altar of Xom.
   580 | D        | Found a shadowy altar of Dithmenos.
   580 | D        | Found a sparkling altar of Nemelex Xobeh.
   580 | D        | Found a corrupted altar of Lugonu.
   580 | D        | Found an opulent altar of Gozag.
   580 | D        | Noticed a spatial vortex
   584 | D        | Became a worshipper of Dithmenos the Shadowed
   593 | D        | Killed a spatial vortex
   593 | D        | Reached skill level 5 in Short Blades
   593 | D        | Reached skill level 1 in Invocations
   714 | D        | Found a radiant altar of Vehumet.
   715 | D        | Found a deep blue altar of Sif Muna.
   715 | D        | Found an ancient bone altar of Kikubaaqudgha.
   715 | D        | Noticed a wizard
   716 | D        | Killed a wizard
   743 | D        | Learned a level 1 spell: Apportation
   746 | D        | Learned a level 2 spell: Blink
   749 | D        | Learned a level 2 spell: Shroud of Golubria
   754 | D        | Learned a level 4 spell: Passage of Golubria
   758 | D        | Found a glowing silver altar of Zin.
   759 | D        | Found a glowing golden altar of the Shining One.
   759 | D        | Found a white marble altar of Elyvilon.
   759 | D        | Noticed a deep elf priest
   761 | D        | Killed a deep elf priest
   761 | D        | Reached skill level 10 in Dodging
   761 | D        | Reached skill level 11 in Stealth
   761 | D        | Reached XP level 7. HP: 32/32 MP: 20/20
   783 | D        | Found an iron altar of Okawaru.
   784 | D        | Found a bloodstained altar of Trog.
   784 | D        | Noticed a human
   784 | D        | Noticed a human
   786 | D        | Killed a human
   789 | D        | Killed a human
   789 | D        | Reached skill level 12 in Stealth
   806 | D        | Found a snail-covered altar of Cheibriados.
   806 | D        | Noticed a necrophage
   807 | D        | Found a basalt altar of Yredelemnul.
   807 | D        | Found a blossoming altar of Fedhas.
   807 | D        | Noticed a necromancer
   808 | D        | Killed a necrophage
   808 | D        | Acquired Dithmenos's first power
   808 | D        | Reached XP level 8. HP: 36/36 MP: 20/22
   809 | D        | Killed a necromancer
   828 | D        | Noticed a two-headed ogre
   828 | D        | Noticed a two-headed ogre
   831 | D        | Noticed a two-headed ogre
   832 | D        | Killed a two-headed ogre
   835 | D        | Killed a two-headed ogre
   841 | D        | Noticed a hill giant
   844 | D        | Killed a hill giant
   844 | D        | Acquired Dithmenos's second power
   844 | D        | Reached skill level 10 in Spellcasting
   857 | D        | Killed a two-headed ogre
   997 | D        | Noticed a hill giant
   997 | D        | Noticed Erolcha
  1011 | D        | Noticed a redback
  1017 | D        | Banished a hill giant
  1026 | D        | Noticed a trapdoor spider
  1028 | D        | Killed Erolcha
  1028 | D        | Reached skill level 13 in Stealth
  1028 | D        | Reached skill level 5 in Charms
  1028 | D        | Reached skill level 5 in Translocations
  1028 | D        | Reached XP level 9. HP: 28/39 MP: 20/24
  1112 | D        | Noticed a trapdoor spider
  1125 | D        | Killed a redback
  1153 | D        | HP: 1/39 [poisoned by a redback]
  1159 | D        | Succumbed to a redback's poison

Vault maps used:
D:        dungeon_sprint_mu

Action                   |  1- 3 |  4- 6 |  7- 9 || total
-------------------------+-------+-------+-------++-------
Melee: Dagger            |    44 |     5 |    22 ||    71
 Cast: Corona            |     2 |       |       ||     2
       Ensorcelled Hiber |     1 |       |     6 ||     7
       Confuse           |     3 |       |     2 ||     5
       Dazzling Spray    |       |     6 |    12 ||    18
       Shroud of Golubri |       |       |     1 ||     1
  Use: Potion            |     6 |       |     3 ||     9
       Scroll            |     3 |       |       ||     3
 Stab: Sleeping          |     1 |     5 |     6 ||    12
       Confused          |     1 |       |       ||     1
       Invisible         |       |       |     3 ||     3
